 Dungeon Crawl Stone Soup version 0.31-a0-300-g4ac5daa9c1 (webtiles) character file.

Game seed: 2956972460890607560

170 Crownlay the Chopper (level 5, -13/47 HPs)
             Began as a Hill Orc Fighter on July 16, 2023.
             Mangled by an ogre
             ... wielding a +0 giant club
              (21 damage)
             ... on level 4 of the Dungeon.
             The game lasted 00:02:41 (2302 turns).

Crownlay the Chopper (Hill Orc Fighter)             Turns: 2302, Time: 00:02:41

Health: -13/47     AC:  8    Str: 21    XL:     5   Next: 50%
Magic:  5/5        EV:  9    Int:  8    God:
Gold:   130        SH:  4    Dex: 10    Spells: 4/4 levels left

rFire   . . .        a - +0 war axe
rCold   . . .        c - +0 buckler
rNeg    . . .        b - +0 scale mail
rPois   .            (no helmet)
rElec   .            (no cloak)
rCorr   .            m - +0 pair of gloves
SInv    .            (no boots)
Will    .....        (no amulet) Stlth
                     e - ring of flight
HPRegen 0.27/turn    (no ring)
MPRegen 0.09/turn

%: no passive effects
@: flying
A: no striking features
a: no special abilities


You were on level 4 of the Dungeon.
You visited 1 branch of the dungeon, and saw 4 of its levels.

You collected 130 gold pieces.

Inventory:

Hand Weapons
 a - a +0 war axe (weapon)
 s - the +3 dagger of Annoyance {freeze, rElec rF- rN+++ Dex+3}
   (You found it on level 3 of the Dungeon)

   Dex:       It affects your dexterity (+3).
   rF:        It makes you vulnerable to fire.
   rElec:     It insulates you from electricity.
   rN:        It renders you almost immune to negative energy.
Armour
 b - a +0 scale mail (worn)
 c - a +0 buckler (worn)
 m - a +0 pair of gloves (worn)
Jewellery
 e - a ring of flight (left hand)
 j - a ring of ice
Scrolls
 f - a scroll of vulnerability {unknown}
 g - 2 scrolls of silence {unknown}
 k - a scroll of revelation {unknown}
 n - a scroll of poison {unknown}
 o - a scroll of immolation {unknown}
 p - a scroll of teleportation {unknown}
 q - a scroll of identify {unknown}
 u - a scroll of enchant weapon {unknown}
Potions
 d - a potion of might
 h - 2 potions of curing {unknown}
 i - a potion of degeneration {unknown}
 l - a potion of haste {unknown}
 r - a potion of resistance {unknown}
 t - a potion of lignification {unknown}


   Skills:
 + Level 4.8 Fighting
 * Level 5.6 Axes
 - Level 3.2 Armour
 + Level 4.1 Shields


You had 4 spell levels left.
You didn't know any spells.
Your spell library contained the following spells:

 Spells                   Type           Power      Damage    Failure   Level
 Inner Flame              Hex/Fire       0%         N/A       99%         3
 Flame Wave               Conj/Fire      0%         2d4       100%        4
 Sticky Flame             Conj/Fire      0%         2d3       100%        4
 Malign Gateway           Summ/Tloc      0%         N/A       100%        7
 Summon Horrible Things   Summ           0%         N/A       100%        8


Dungeon Overview and Level Annotations

Branches:
Dungeon (4/15)
 Temple: D:4-7

Altars:
Yredelemnul


Message History

You hit the quokka but do no damage. The quokka misses you.
You hit the quokka but do no damage. The quokka closely misses you.
The quokka bites you but does no damage.
You miss the quokka. The quokka closely misses you.
You hit the quokka.
You kill the quokka!
No target in view!
No target in view!
No target in view!
You now have 130 gold pieces (gained 5).
You see here a quokka corpse.
Found a stone staircase leading up.
An ogre comes into view. It is wielding a +0 giant club.
Found 10 gold pieces.
The ogre shouts!
An ogre is nearby!
An ogre is nearby!
The ogre hits you but does no damage.
You see here 10 gold pieces.
You slash the ogre!
The ogre is moderately wounded.
The ogre hits you with a +0 giant club!
You hit the ogre.
The ogre is heavily wounded.
You barely miss the ogre.
The ogre is heavily wounded.
The ogre hits you with a +0 giant club!!
Ouch! That really hurt!
* * * LOW HITPOINT WARNING * * *
You are too injured to fight recklessly!
You are too injured to fight recklessly!
You are too injured to fight recklessly!
You are too injured to fight recklessly!
You barely miss the ogre.
The ogre is moderately wounded.
The ogre barely misses you.
You slash the ogre!
The ogre is almost dead.
The ogre hits you with a +0 giant club!!
You die...

#.#...## ####......##
..## ...........# ....
.###......... #..### #
.....#....... .....#.#
.######...... #..#.#.#
.# ###.#. #......## .#
.#..####....<... .##
#...O@....# ..#
##+########.## #.#
##...## ##.## #.#
##.....## #.## ..#
##.......####.##
..####.........####.##
.....'.........'..†..#
..####..)......####..>.#
..# ##.......## ##.#.#


You could see an ogre.

Vanquished Creatures
  Terence (D:2)
  A gnoll (D:1)
  5 adders
  A worm (D:2)
  3 dart slugs
  An orc (D:3)
  6 endoplasms
  A giant cockroach (D:1)
  5 goblins
  7 hobgoblins
  8 jackals
  8 quokkas
  9 ball pythons
  4 bats
  6 frilled lizards
  6 kobolds
  5 rats
77 creatures vanquished.

Notes
Turn   | Place    | Note
-------+----------+-------------------------------------------
     0 | D:1      | Crownlay the Hill Orc Fighter began the quest for the Orb.
     0 | D:1      | Reached XP level 1. HP: 19/19 MP: 1/1
    38 | D:1      | Reached skill level 3 in Axes
    42 | D:1      | Reached XP level 2. HP: 25/27 MP: 2/2
   185 | D:1      | Reached XP level 3. HP: 33/33 MP: 3/3
   243 | D:1      | Reached skill level 4 in Axes
   787 | D:2      | Noticed Terence
   795 | D:2      | Killed Terence
   796 | D:2      | Reached XP level 4. HP: 34/41 MP: 4/4
   902 | D:2      | Reached skill level 5 in Axes
  1101 | D:2      | Reached XP level 5. HP: 43/47 MP: 5/5
  1751 | D:3      | Found a basalt altar of Yredelemnul.
  2087 | D:3      | Identified the +3 dagger of Annoyance {freeze, rElec rF-
                  | rN+++ Dex+3}
  2294 | D:4      | Noticed an ogre
  2302 | D:4      | Mangled by an ogre

Illustrated notes

Levels and vault maps discovered:
D:1:      lightli_arrival_flooded_house, layout_rooms, st_stairs_8,
          wad_floor_pattern_1, dreamdust_princess_corridor, minmay_quantized
D:2:      layout_basic, minmay_unequal, uniq_terence
D:3:      layout_loops_cross, mainiacjoe_overflow_small_starburst
D:4:      layout_loops_corners, temple_green, uniq_edmund,
          uniq_crazy_yiuf_cottage

Skill      XL: |  1  2  3  4 |
---------------+-------------+-----
Axes           | 3 4 5 |  5.6
Fighting       | 4 |  4.8
Shields        | 4 |  4.1
Armour         | |  3.2

Action                     |  1- 3 |  4- 6 || total
---------------------------+-------+-------++-------
  Melee: War axe           |   102 |   119 ||   221
 Armour: Scale mail        |    48 |    63 ||   111
  Dodge: Dodged            |    40 |    62 ||   102
  Block: Buckler           |    25 |    32 ||    57

Table legend: (Time is in decaauts)
 A = Elapsed time spent in this place.
 B = Non-inter-level travel time spent in this place.
 C = Inter-level travel time spent in this place.
 D = Time resting spent in this place.
 E = Time spent auto-exploring this place.
 F = Levels seen in this place.
 G = Mean time per level.
                   A        B        C        D        E       F      G
               +--------+--------+--------+--------+--------+-----+--------+
         Total |   2367 |   2299 |     68 |      0 |   1790 |   4 |  591.8 |
       Dungeon |   2367 |   2299 |     68 |      0 |   1790 |   4 |  591.8 |
               +--------+--------+--------+--------+--------+-----+--------+

Top non-repeatable levels by time:
     D:2: 965 daAuts
     D:1: 690 daAuts
     D:3: 643 daAuts
     D:4: 69 daAuts
